Wild vs Blackhawks

Created - 15 décembre 2017 at 05:59

Goals
1 2 3 OT1 SO T
Wild 1 0 1 0 2 3
Blackhawks 0 2 0 0 0 2
Shots
1 2 3 OT1 SO T
Wild 7 16 5 5 2 33
Blackhawks 3 12 16 5 2 36

1st period

1. Wild , Adrian Kempe 3 (Evgeny Kuznetsov 14) at 18:20

Penalties :
Nikita Zadorov (MIW) for Holding (Minor) at 9:27

2nd period

2. Blackhawks , Johan Larsson 4 (Ryan Ellis 9, Tanner Glass 1) at 11:47
3. Blackhawks , Eric Staal 10 (Chris Kunitz 7) at 18:13

Penalties :
Johan Larsson (CHI) for Hooking (Minor) at 16:03

3rd period

4. Wild , Daniel Sedin 7 (Jonas Brodin 4, Adam Lowry 4) at 4:21 (SH)

Penalties :
Jack Eichel (MIW) for Holding (Minor) at 3:17, Nikita Zadorov (MIW) for Hooking (Minor) at 6:16, Martin Marincin (MIW) for Cross-checking (Minor) at 13:24

Overtime #1

No Goal

Penalties :
No Penalty

Shootout

Penalty Shot by Brent Burns for Wild - Goal!
Penalty Shot by Eric Staal for Blackhawks - Stopped by Anton Khudobin
Penalty Shot by Jack Eichel for Wild - Goal!
Penalty Shot by Johan Larsson for Blackhawks - Stopped by Anton Khudobin

Penalties :
No Penalty

Goalie Stats

Anton Khudobin (MIW), 34 saves from 36 shots - (0,944), W, 1-2-0, 65:00 minutes
Frederik Andersen (CHI), 31 saves from 33 shots - (0,939), OTL, 8-12-5, 65:00 minutes

Players Stats for Wild

Player Name              G  A  P  +/- PIM S  H  SB GA TA FO     MP     PP MP  PK MP  
------------------------------------------------------------------------------------
Adam Lowry               0  1  1   0  0   3  2  0  1  0  6/10   16:26   0:51   4:25 
Adrian Kempe             1  0  1   1  0   2  0  0  2  1  0/0    15:14   0:51   0:00 
Brent Burns              0  0  0  -2  0   8  2  0  3  1  0/0    23:53   1:30   3:32 
Chris Tierney            0  0  0   0  0   1  1  1  0  0  1/5    12:41   0:00   2:51 
Christian Dvorak         0  0  0  -1  0   3  0  0  1  0  0/0    10:41   0:00   1:24 
Daniel Sedin             1  0  1   1  0   1  0  0  1  0  0/0    13:38   0:10   2:06 
Evgeny Kuznetsov         0  1  1   1  0   1  0  1  2  1  5/10   16:24   0:58   0:00 
Jack Eichel              0  0  0  -1  2   2  0  0  3  0  16/29  20:06   0:58   0:40 
Joel Ward                0  0  0   0  0   2  3  0  0  0  0/0    15:40   0:13   4:26 
John Moore               0  0  0  -1  0   0  0  1  0  1  0/0    13:23   0:29   0:00 
Jonas Brodin             0  1  1   2  0   2  0  4  0  0  0/0    22:18   0:00   3:15 
Kris Letang              0  0  0  -1  0   3  0  3  0  1  0/0    24:32   1:30   0:57 
Marcus Johansson         0  0  0  -1  0   3  0  1  0  0  0/2    18:44   0:55   0:00 
Martin Marincin          0  0  0  -1  2   0  1  1  0  0  0/0    16:50   0:00   3:52 
Nikita Zadorov           0  0  0   0  4   0  4  0  0  3  0/0    20:51   0:00   2:22 
Ryan Hartman             0  0  0  -1  0   1  0  0  0  0  0/1     9:26   0:10   0:00 
Ryan Suter               0  0  0   2  0   0  1  5  0  1  0/0    21:03   0:29   1:54 
William Nylander         0  0  0   1  0   1  1  0  1  1  0/0    15:10   0:51   0:00 

Players Stats for Blackhawks

Player Name              G  A  P  +/- PIM S  H  SB GA TA FO     MP     PP MP  PK MP  
------------------------------------------------------------------------------------
Alexander Steen          0  0  0  -1  0   2  0  0  1  0  4/9    20:48   3:46   1:01 
Andrei Markov            0  0  0   2  0   3  1  4  1  2  0/0    27:50   5:06   1:11 
Andrew Shaw              0  0  0  -1  0   2  2  1  0  2  0/1    18:48   3:46   0:27 
Andy Greene              0  0  0  -2  0   1  3  0  0  0  0/0    21:52   2:48   0:48 
Brandon Davidson         0  0  0   0  0   1  0  2  0  0  0/0    12:30   0:02   0:00 
Brett Connolly           0  0  0   0  0   0  0  0  0  0  0/0     8:11   0:46   0:00 
Carl Hagelin             0  0  0   0  0   0  0  1  1  0  0/0    12:10   0:00   0:00 
Chris Kunitz             0  1  1   1  0   0  1  1  0  1  0/1    13:38   0:42   0:37 
Derek Forbort            0  0  0   0  0   3  0  1  0  2  0/0    12:30   0:02   0:00 
Eric Staal               1  0  1   1  0   9  1  0  1  2  17/29  23:45   3:30   1:01 
Johan Larsson            1  0  1   1  2   5  1  1  1  1  2/3    22:11   3:28   0:00 
Niklas Hjalmarsson       0  0  0  -2  0   2  0  2  0  0  0/0    22:44   2:48   0:48 
Ryan Ellis               0  1  1   2  0   0  2  2  2  0  0/0    27:34   5:06   1:11 
Sven Andrighetto         0  0  0   0  0   0  0  0  0  2  0/0     7:15   0:00   0:00 
Tanner Glass             0  1  1   0  0   1  0  0  1  0  0/1    21:05   3:24   0:00 
Vladislav Namestnikov    0  0  0   0  0   3  1  0  1  0  3/4     8:05   0:40   0:00 
Yanni Gourde             0  0  0   0  0   2  1  2  0  2  1/7    13:26   0:00   0:52 
Zach Parise              0  0  0  -1  0   2  1  1  1  0  2/2    18:38   3:46   0:00 

3 Stars

1 - Anton Khudobin (MIW)
2 - Daniel Sedin (MIW)
3 - Adrian Kempe (MIW)

Power Play

Wild - 0 on 1 Attempt(s) - 0,00%
Blackhawks - 0 on 4 Attempt(s) - 0,00%

Penalty Kill

Wild - 4 on 4 Attempt(s) - 100,00% - Score 1 goal in Penalty Kill
Blackhawks - 1 on 1 Attempt(s) - 100,00% - Score 0 goal in Penalty Kill

Team Stat

Wild - Hits : 15 - Faceoff Wins : 28 - Blocked Shots : 17 - Penalty Minutes : 8
Blackhawks - Hits : 14 - Faceoff Wins : 29 - Blocked Shots : 18 - Penalty Minutes : 2

Official

Referees : Francis Charron and Brad Meier
Linesman : Andy McElman and Jonny Murray

Game Notes

No Game Note

Finance

Level 1 -- Attendance: 4735 (78,92%) -- Ticket Income 473 500 $
Level 2 -- Attendance: 4393 (87,86%) -- Ticket Income 263 580 $
Level 3 -- Attendance: 1939 (96,95%) -- Ticket Income 67 865 $
Level 4 -- Attendance: 3552 (88,80%) -- Ticket Income 71 040 $
Luxury Box -- Attendance: 691 (69,10%) -- Ticket Income 138 200 $
Game was played at the United Center.
Total Attendance: 15310 (85,06%)
Total Ticket Income: 1 014 185 $
Other Income: 496 951 $
Total Income: 1 511 136 $

Wild

5 vs 5 Forward 
   Center                   Left Wing                Right Wing               Time % Phy DF OF 
 1 Jack Eichel              Marcus Johansson         Brent Burns              38     0   1  4  
 2 Evgeny Kuznetsov         William Nylander         Adrian Kempe             32     1   0  4  
 3 Adam Lowry               Daniel Sedin             Joel Ward                20     1   3  1  
 4 Chris Tierney            Christian Dvorak         Ryan Hartman             10     0   4  1  

5 vs 5 Defense 
   Defense                  Defense                                           Time % Phy DF OF 
 1 Nikita Zadorov           Kris Letang                                       40     1   2  2  
 2 Ryan Suter               Jonas Brodin                                      35     1   2  2  
 3 John Moore               Martin Marincin                                   25     1   2  2  
 4 Martin Marincin          Brent Burns                                       0      1   2  2  

PowerPlay Forward 
   Center                   Left Wing                Right Wing               Time % Phy DF OF 
 1 Jack Eichel              Marcus Johansson         Evgeny Kuznetsov         60     1   2  2  
 2 Adam Lowry               William Nylander         Adrian Kempe             40     1   2  2  

PowerPlay Defense
   Defense                  Defense                                           Time % Phy DF OF 
 1 Brent Burns              Kris Letang                                       75     0   0  5  
 2 Ryan Suter               John Moore                                        25     0   1  4  

Penalty Kill 4 Players Forward 
   Center                   Wing                     Time % Phy DF OF 
 1 Adam Lowry               Joel Ward                60     1   2  2  
 2 Chris Tierney            Christian Dvorak         40     1   2  2  

Penalty Kill 4 Players Defense
   Defense                  Defense                  Time % Phy DF OF 
 1 Martin Marincin          Nikita Zadorov           60     0   5  0  
 2 Jonas Brodin             Ryan Suter               40     0   5  0  

Penalty Kill - 3 Players Forward 
   Forward                                           Time % Phy DF OF 
 1 Adam Lowry                                        60     0   5  0  
 2 Chris Tierney                                     40     0   5  0  

Penalty Kill - 3 Players Defense
   Defense                  Defense                  Time % Phy DF OF 
 1 Martin Marincin          Nikita Zadorov           60     0   5  0  
 2 Ryan Suter               Jonas Brodin             40     0   5  0  

4 vs 4 Forward 
   Center                   Wing                     Time % Phy DF OF 
 1 Jack Eichel              Marcus Johansson         60     1   2  2  
 2 Evgeny Kuznetsov         Daniel Sedin             40     1   2  2  

4 vs 4 Defense
   Defense                  Defense                  Time % Phy DF OF 
 1 Brent Burns              Kris Letang              60     1   2  2  
 2 Ryan Suter               John Moore               40     1   2  2  

Last Minutes Offensive
   Center                   Left Wing                Right Wing               Defense                  Defense                  
   Jack Eichel              Marcus Johansson         Evgeny Kuznetsov         Brent Burns              Kris Letang              

Last Minutes Defensive
   Center                   Left Wing                Right Wing               Defense                  Defense                  
   Chris Tierney            Adam Lowry               Joel Ward                Nikita Zadorov           Martin Marincin          

Goaltenders
Starting : Anton Khudobin           
Backup : Devan Dubnyk             

Extra Forwards
Normal : William Nylander, Joel Ward, Chris Tierney - PP : William Nylander, Joel Ward - PK : Chris Tierney
Extra Defensemen
Normal : Nikita Zadorov, Jonas Brodin, Martin Marincin - PP : Nikita Zadorov - PK : Jonas Brodin, Martin Marincin
Penalty Shots
Brent Burns, Jack Eichel, Marcus Johansson, Evgeny Kuznetsov, Daniel Sedin
Custom OT Lines Forwards
Brent Burns, Jack Eichel, Marcus Johansson, Evgeny Kuznetsov, Daniel Sedin, Adrian Kempe, Adam Lowry, William Nylander, Joel Ward, Chris Tierney
Custom OT Lines Defensemen
Brent Burns, Kris Letang, Ryan Suter, John Moore, Nikita Zadorov

Scratches
*salaire Wild* (Suspend), Lawson Crouse (Healthy), Andrej Nestrasil (Healthy), Frank Vatrano (Healthy), Scott Sabourin (Healthy)

Blackhawks

5 vs 5 Forward 
   Center                   Left Wing                Right Wing               Time % Phy DF OF 
 1 Eric Staal               Johan Larsson            Tanner Glass             40     1   2  2  
 2 Alexander Steen          Zach Parise              Andrew Shaw              30     1   2  2  
 3 Yanni Gourde             Chris Kunitz             Carl Hagelin             20     1   2  2  
 4 Vladislav Namestnikov    Sven Andrighetto         Brett Connolly           10     1   2  2  

5 vs 5 Defense 
   Defense                  Defense                                           Time % Phy DF OF 
 1 Ryan Ellis               Andrei Markov                                     40     1   2  2  
 2 Niklas Hjalmarsson       Andy Greene                                       30     1   2  2  
 3 Derek Forbort            Brandon Davidson                                  20     1   2  2  
 4 Ryan Ellis               Andrei Markov                                     10     1   2  2  

PowerPlay Forward 
   Center                   Left Wing                Right Wing               Time % Phy DF OF 
 1 Eric Staal               Johan Larsson            Tanner Glass             60     1   2  2  
 2 Alexander Steen          Zach Parise              Andrew Shaw              40     1   2  2  

PowerPlay Defense
   Defense                  Defense                                           Time % Phy DF OF 
 1 Ryan Ellis               Andrei Markov                                     60     1   2  2  
 2 Niklas Hjalmarsson       Andy Greene                                       40     1   2  2  

Penalty Kill 4 Players Forward 
   Center                   Wing                     Time % Phy DF OF 
 1 Eric Staal               Johan Larsson            60     1   2  2  
 2 Alexander Steen          Zach Parise              40     1   2  2  

Penalty Kill 4 Players Defense
   Defense                  Defense                  Time % Phy DF OF 
 1 Ryan Ellis               Andrei Markov            60     1   2  2  
 2 Niklas Hjalmarsson       Andy Greene              40     1   2  2  

Penalty Kill - 3 Players Forward 
   Forward                                           Time % Phy DF OF 
 1 Eric Staal                                        60     1   2  2  
 2 Alexander Steen                                   40     1   2  2  

Penalty Kill - 3 Players Defense
   Defense                  Defense                  Time % Phy DF OF 
 1 Ryan Ellis               Andrei Markov            60     1   2  2  
 2 Niklas Hjalmarsson       Andy Greene              40     1   2  2  

4 vs 4 Forward 
   Center                   Wing                     Time % Phy DF OF 
 1 Eric Staal               Tanner Glass             60     1   2  2  
 2 Alexander Steen          Yanni Gourde             40     1   2  2  

4 vs 4 Defense
   Defense                  Defense                  Time % Phy DF OF 
 1 Ryan Ellis               Andrei Markov            60     1   2  2  
 2 Niklas Hjalmarsson       Andy Greene              40     1   2  2  

Last Minutes Offensive
   Center                   Left Wing                Right Wing               Defense                  Defense                  
   Eric Staal               Johan Larsson            Tanner Glass             Ryan Ellis               Andrei Markov            

Last Minutes Defensive
   Center                   Left Wing                Right Wing               Defense                  Defense                  
   Eric Staal               Johan Larsson            Tanner Glass             Ryan Ellis               Andrei Markov            

Goaltenders
Starting : Frederik Andersen        
Backup : Mike Condon              

Extra Forwards
Normal : Johan Larsson, Tanner Glass, Yanni Gourde - PP : Johan Larsson, Tanner Glass - PK : Yanni Gourde
Extra Defensemen
Normal : Derek Forbort, Brandon Davidson, Niklas Hjalmarsson - PP : Derek Forbort - PK : Brandon Davidson, Niklas Hjalmarsson
Penalty Shots
Eric Staal, Johan Larsson, Alexander Steen, Tanner Glass, Zach Parise
Custom OT Lines Forwards
Eric Staal, Johan Larsson, Alexander Steen, Tanner Glass, Zach Parise, Andrew Shaw, Yanni Gourde, Chris Kunitz, Carl Hagelin, Vladislav Namestnikov
Custom OT Lines Defensemen
Ryan Ellis, Andrei Markov, Niklas Hjalmarsson, Andy Greene, Derek Forbort

Scratches
Cam Atkinson (Healthy), Henrik Zetterberg (Healthy)

% Time on Ice - Wild

Lines # - Real PCT - Wanted PCT - Time Play
Normal Forward
1 - 34% - 38% - 17:03
2 - 28% - 32% - 13:48
3 - 20% - 20% - 10:04
4 - 18% - 10% - 9:10
Normal Defense
1 - 40% - 40% - 19:52
2 - 35% - 35% - 17:25
3 - 25% - 25% - 12:38
4 - 0% - 0% - 0:10
PP Forward
1 - 57% - 60% - 1:08
2 - 43% - 40% - 0:51
PP Defense
1 - 76% - 75% - 1:30
2 - 24% - 25% - 0:29
PK Forward
1 - 84% - 60% - 6:41
2 - 16% - 40% - 1:15
PK Defense
1 - 76% - 60% - 6:02
2 - 24% - 40% - 1:54
PK3 Forward
1 - 0% - 60%
2 - 0% - 40%
PK3 Defense
1 - 0% - 60%
2 - 0% - 40%
44 Forward
1 - 0% - 60%
2 - 0% - 40%
44 Defense
1 - 0% - 60%
2 - 0% - 40%
Last Minute Offensive  - 0:00
Last Minute Defensive  - 0:00
Total
Forward - 60:00
Defense - 60:00

% Time on Ice - Blackhawks

Lines # - Real PCT - Wanted PCT - Time Play
Normal Forward
1 - 33% - 40% - 16:36
2 - 29% - 30% - 14:46
3 - 23% - 20% - 11:28
4 - 14% - 10% - 7:15
Normal Defense
1 - 35% - 40% - 17:38
2 - 37% - 30% - 18:17
3 - 24% - 20% - 11:56
4 - 4% - 10% - 2:14
PP Forward
1 - 50% - 60% - 4:00
2 - 50% - 40% - 3:56
PP Defense
1 - 64% - 60% - 5:06
2 - 36% - 40% - 2:50
PK Forward
1 - 100% - 60% - 1:59
2 - 0% - 40% - 0:00
PK Defense
1 - 60% - 60% - 1:11
2 - 40% - 40% - 0:48
PK3 Forward
1 - 0% - 60%
2 - 0% - 40%
PK3 Defense
1 - 0% - 60%
2 - 0% - 40%
44 Forward
1 - 0% - 60%
2 - 0% - 40%
44 Defense
1 - 0% - 60%
2 - 0% - 40%
Last Minute Offensive  - 0:00
Last Minute Defensive  - 0:00
Total
Forward - 60:00
Defense - 60:00

Play by Play

1st period


0:01 of 1st period - Eric Staal wins face-off versus Jack Eichel in neutral zone.
0:10 of 1st period - Ryan Ellis is hit by Nikita Zadorov and loses puck.
0:16 of 1st period - Off-side.
0:17 of 1st period - Alexander Steen wins face-off versus Evgeny Kuznetsov in neutral zone.
0:53 of 1st period - Off-side.
0:54 of 1st period - Vladislav Namestnikov wins face-off versus Chris Tierney in neutral zone.
1:29 of 1st period - Brent Burns is hit by Eric Staal and loses puck.
2:05 of 1st period - Wrist shot by Evgeny Kuznetsov.
2:05 of 1st period - Shot Blocked by Andrei Markov.
2:51 of 1st period - Snap shot by Sven Andrighetto.
2:51 of 1st period - Shot Blocked by John Moore.
2:53 of 1st period - Slapshot by Niklas Hjalmarsson.
2:53 of 1st period - Shot Misses the Net.
3:05 of 1st period - Snap shot by William Nylander.
3:05 of 1st period - Deflect By Adrian Kempe.
3:05 of 1st period - Stopped by Frederik Andersen with a rebound.
4:06 of 1st period - Slapshot by Christian Dvorak.
4:06 of 1st period - Shot Misses the Net.
4:32 of 1st period - Slapshot by Evgeny Kuznetsov.
4:32 of 1st period - Shot Misses the Net.
4:34 of 1st period - Slapshot by Ryan Suter.
4:34 of 1st period - Shot Blocked by Carl Hagelin.
4:46 of 1st period - Nikita Zadorov is hit by Ryan Ellis and loses puck.
4:53 of 1st period - Snap shot by Adam Lowry.
4:53 of 1st period - Stopped by Frederik Andersen without a rebound.
4:54 of 1st period - Jack Eichel wins face-off versus Eric Staal in Blackhawks zone.
4:55 of 1st period - Slapshot by Brent Burns.
4:55 of 1st period - Stopped by Frederik Andersen without a rebound.
4:56 of 1st period - Eric Staal wins face-off versus Jack Eichel in Blackhawks zone.
6:33 of 1st period - Slapshot by Eric Staal.
6:33 of 1st period - Shot Misses the Net.
6:49 of 1st period - Slapshot by William Nylander.
6:49 of 1st period - Stopped by Frederik Andersen with a rebound.
7:40 of 1st period - Yanni Gourde is hit by Joel Ward and loses puck.
8:13 of 1st period - Snap shot by Vladislav Namestnikov.
8:13 of 1st period - Deflect By Adrian Kempe.
8:13 of 1st period - Stopped by Anton Khudobin with a rebound.
8:55 of 1st period - Snap shot by Daniel Sedin.
8:55 of 1st period - Deflect By Adam Lowry.
8:55 of 1st period - Shot Blocked by Andrew Shaw.
8:55 of 1st period - Puck is out of play.
8:56 of 1st period - Zach Parise wins face-off versus Adam Lowry in Blackhawks zone.
9:03 of 1st period - Ryan Ellis is hit by Nikita Zadorov.
9:25 of 1st period - Snap shot by Alexander Steen.
9:25 of 1st period - Shot Blocked by Kris Letang.
9:27 of 1st period - Minor Penalty to Nikita Zadorov for Holding.
9:28 of 1st period - Adam Lowry wins face-off versus Eric Staal in Wild zone.
9:53 of 1st period - Adam Lowry is hit by Zach Parise and loses puck.
10:35 of 1st period - Off-side.
10:36 of 1st period - Chris Tierney wins face-off versus Andrew Shaw in neutral zone.
10:45 of 1st period - Chris Tierney is hit by Andrew Shaw and loses puck.
11:27 of 1st period - Penalty to Nikita Zadorov is over, Nikita Zadorov is back on ice.
11:37 of 1st period - Snap shot by Brent Burns.
11:37 of 1st period - Shot Misses the Net.
12:02 of 1st period - Snap shot by Brett Connolly.
12:02 of 1st period - Shot Blocked by Ryan Suter.
12:21 of 1st period - Snap shot by Johan Larsson.
12:21 of 1st period - Shot Blocked by Jonas Brodin.
12:37 of 1st period - Nikita Zadorov is hit by Andy Greene and loses puck.
12:48 of 1st period - Snap shot by Joel Ward.
12:48 of 1st period - Shot Misses the Net.
13:59 of 1st period - Backhand shot by Adam Lowry.
13:59 of 1st period - Shot Blocked by Andrei Markov.
14:01 of 1st period - Wrist shot by Adam Lowry.
14:01 of 1st period - Deflect By Ryan Ellis.
14:01 of 1st period - Stopped by Frederik Andersen with a rebound.
14:03 of 1st period - Snap shot by Adam Lowry.
14:03 of 1st period - Shot Blocked by Andrei Markov.
16:08 of 1st period - Wrist shot by Evgeny Kuznetsov.
16:08 of 1st period - Shot Blocked by Yanni Gourde.
16:10 of 1st period - Snap shot by Evgeny Kuznetsov.
16:10 of 1st period - Shot Misses the Net.
16:22 of 1st period - Wrist shot by Andrei Markov.
16:22 of 1st period - Stopped by Anton Khudobin with a rebound.
17:22 of 1st period - Snap shot by Christian Dvorak.
17:22 of 1st period - Stopped by Frederik Andersen with a rebound.
18:03 of 1st period - Niklas Hjalmarsson is hit by Martin Marincin and loses puck.
18:20 of 1st period - Slapshot by Adrian Kempe.
18:20 of 1st period - Goal by Adrian Kempe - Wild : 1 - Blackhawks : 0.
18:21 of 1st period - Eric Staal wins face-off versus Jack Eichel in neutral zone.
18:30 of 1st period - Slapshot by Andrei Markov.
18:30 of 1st period - Deflect By Kris Letang.
18:30 of 1st period - Stopped by Anton Khudobin with a rebound.
19:47 of 1st period - William Nylander is hit by Chris Kunitz and loses puck.
19:56 of 1st period - Icing by Brandon Davidson.
19:57 of 1st period - Jack Eichel wins face-off versus Yanni Gourde in Blackhawks zone.
Goals for this period are 1 for Wild vs 0 for Blackhawks.
Shots for this period are 7 for Wild vs 3 for Blackhawks.

2nd period


0:01 of 2nd period - Eric Staal wins face-off versus Jack Eichel in neutral zone.
0:25 of 2nd period - Adrian Kempe is hit by Andrew Shaw and loses puck.
0:46 of 2nd period - Jonas Brodin is hit by Andy Greene and loses puck.
2:44 of 2nd period - Wrist shot by Christian Dvorak.
2:44 of 2nd period - Stopped by Frederik Andersen without a rebound.
2:45 of 2nd period - Eric Staal wins face-off versus Ryan Hartman in Blackhawks zone.
2:50 of 2nd period - Slapshot by Johan Larsson.
2:50 of 2nd period - Stopped by Anton Khudobin with a rebound.
2:52 of 2nd period - Wrist shot by Johan Larsson.
2:52 of 2nd period - Shot Blocked by Ryan Suter.
2:54 of 2nd period - Slapshot by Derek Forbort.
2:54 of 2nd period - Stopped by Anton Khudobin with a rebound.
2:56 of 2nd period - Backhand shot by Derek Forbort.
2:56 of 2nd period - Stopped by Anton Khudobin with a rebound.
2:58 of 2nd period - Wrist shot by Johan Larsson.
2:58 of 2nd period - Stopped by Anton Khudobin without a rebound.
2:59 of 2nd period - Eric Staal wins face-off versus Jack Eichel in Wild zone.
3:00 of 2nd period - Slapshot by Johan Larsson.
3:00 of 2nd period - Shot Blocked by Jonas Brodin.
3:31 of 2nd period - Slapshot by Yanni Gourde.
3:31 of 2nd period - Shot Misses the Net.
3:54 of 2nd period - Wrist shot by Zach Parise.
3:54 of 2nd period - Stopped by Anton Khudobin without a rebound.
3:55 of 2nd period - Alexander Steen wins face-off versus Jack Eichel in Wild zone.
4:47 of 2nd period - Snap shot by Daniel Sedin.
4:47 of 2nd period - Deflect By Joel Ward.
4:47 of 2nd period - Stopped by Frederik Andersen without a rebound.
4:48 of 2nd period - Adam Lowry wins face-off versus Yanni Gourde in Blackhawks zone.
5:10 of 2nd period - Snap shot by Adam Lowry.
5:10 of 2nd period - Stopped by Frederik Andersen without a rebound.
5:11 of 2nd period - Eric Staal wins face-off versus Jack Eichel in Blackhawks zone.
6:01 of 2nd period - Snap shot by Yanni Gourde.
6:01 of 2nd period - Shot Misses the Net.
6:03 of 2nd period - Slapshot by Brandon Davidson.
6:03 of 2nd period - Shot Misses the Net.
6:05 of 2nd period - Slapshot by Yanni Gourde.
6:05 of 2nd period - Stopped by Anton Khudobin without a rebound.
6:06 of 2nd period - Adam Lowry wins face-off versus Eric Staal in Wild zone.
6:06 of 2nd period - Joel Ward is hit by Johan Larsson and loses puck.
6:31 of 2nd period - Zach Parise is hit by Brent Burns and loses puck.
6:38 of 2nd period - Wrist shot by Brent Burns.
6:38 of 2nd period - Shot Misses the Net.
7:34 of 2nd period - Snap shot by Vladislav Namestnikov.
7:34 of 2nd period - Shot Blocked by Kris Letang.
7:56 of 2nd period - Wrist shot by Marcus Johansson.
7:56 of 2nd period - Stopped by Frederik Andersen without a rebound.
7:57 of 2nd period - Eric Staal wins face-off versus Jack Eichel in Blackhawks zone.
8:24 of 2nd period - Brandon Davidson is hit by William Nylander and loses puck.
8:31 of 2nd period - Wrist shot by Zach Parise.
8:31 of 2nd period - Shot Misses the Net.
8:47 of 2nd period - Wrist shot by Daniel Sedin.
8:47 of 2nd period - Shot Misses the Net.
8:49 of 2nd period - Slapshot by Jonas Brodin.
8:49 of 2nd period - Stopped by Frederik Andersen with a rebound.
8:51 of 2nd period - Snap shot by Adam Lowry.
8:51 of 2nd period - Shot Misses the Net.
8:53 of 2nd period - Slapshot by Joel Ward.
8:53 of 2nd period - Stopped by Frederik Andersen with a rebound.
9:07 of 2nd period - Slapshot by Andrei Markov.
9:07 of 2nd period - Stopped by Anton Khudobin without a rebound.
9:08 of 2nd period - Johan Larsson wins face-off versus Jack Eichel in Wild zone.
9:15 of 2nd period - Snap shot by Marcus Johansson.
9:15 of 2nd period - Shot Misses the Net.
10:00 of 2nd period - Chris Kunitz is hit by Adam Lowry and loses puck.
10:41 of 2nd period - Snap shot by Jack Eichel.
10:41 of 2nd period - Shot Blocked by Derek Forbort.
10:43 of 2nd period - Wrist shot by Marcus Johansson.
10:43 of 2nd period - Shot Blocked by Johan Larsson.
11:11 of 2nd period - Backhand shot by Alexander Steen.
11:11 of 2nd period - Shot Misses the Net.
11:13 of 2nd period - Snap shot by Derek Forbort.
11:13 of 2nd period - Stopped by Anton Khudobin with a rebound.
11:23 of 2nd period - Wrist shot by Vladislav Namestnikov.
11:23 of 2nd period - Shot Blocked by Ryan Suter.
11:29 of 2nd period - Snap shot by Vladislav Namestnikov.
11:29 of 2nd period - Stopped by Anton Khudobin without a rebound.
11:30 of 2nd period - Vladislav Namestnikov wins face-off versus Jack Eichel in Wild zone.
11:33 of 2nd period - Slapshot by Vladislav Namestnikov.
11:33 of 2nd period - Stopped by Anton Khudobin without a rebound.
11:34 of 2nd period - Jack Eichel wins face-off versus Tanner Glass in Wild zone.
11:41 of 2nd period - Snap shot by Eric Staal.
11:41 of 2nd period - Shot Misses the Net.
11:43 of 2nd period - Wrist shot by Tanner Glass.
11:43 of 2nd period - Shot Blocked by Marcus Johansson.
11:45 of 2nd period - Snap shot by Ryan Ellis.
11:45 of 2nd period - Shot Blocked by Martin Marincin.
11:47 of 2nd period - Snap shot by Johan Larsson.
11:47 of 2nd period - Goal by Johan Larsson - Wild : 1 - Blackhawks : 1.
11:48 of 2nd period - Eric Staal wins face-off versus Jack Eichel in neutral zone.
12:22 of 2nd period - Icing by Evgeny Kuznetsov.
12:23 of 2nd period - Eric Staal wins face-off versus Evgeny Kuznetsov in Wild zone.
12:38 of 2nd period - Snap shot by Evgeny Kuznetsov.
12:38 of 2nd period - Stopped by Frederik Andersen without a rebound.
12:39 of 2nd period - Jack Eichel wins face-off versus Alexander Steen in Blackhawks zone.
12:42 of 2nd period - Snap shot by Brent Burns.
12:42 of 2nd period - Stopped by Frederik Andersen with a rebound.
13:05 of 2nd period - Andrei Markov is hit by Ryan Suter and loses puck.
13:34 of 2nd period - Carl Hagelin is hit by Nikita Zadorov.
13:38 of 2nd period - Chris Kunitz is hit by Adam Lowry and loses puck.
13:49 of 2nd period - Slapshot by Christian Dvorak.
13:49 of 2nd period - Stopped by Frederik Andersen without a rebound.
13:50 of 2nd period - Vladislav Namestnikov wins face-off versus Chris Tierney in Blackhawks zone.
14:04 of 2nd period - Off-side.
14:05 of 2nd period - Jack Eichel wins face-off versus Eric Staal in neutral zone.
14:14 of 2nd period - Snap shot by Marcus Johansson.
14:14 of 2nd period - Shot Misses the Net.
14:22 of 2nd period - Backhand shot by Brent Burns.
14:22 of 2nd period - Stopped by Frederik Andersen with a rebound.
15:06 of 2nd period - Wrist shot by Zach Parise.
15:06 of 2nd period - Deflect By Alexander Steen.
15:06 of 2nd period - Shot Misses the Net.
15:06 of 2nd period - Puck is out of play.
15:07 of 2nd period - Jack Eichel wins face-off versus Chris Kunitz in Wild zone.
15:12 of 2nd period - Snap shot by Brent Burns.
15:12 of 2nd period - Stopped by Frederik Andersen with a rebound.
15:14 of 2nd period - Slapshot by Jonas Brodin.
15:14 of 2nd period - Stopped by Frederik Andersen without a rebound.
15:15 of 2nd period - Jack Eichel wins face-off versus Yanni Gourde in Blackhawks zone.
15:28 of 2nd period - Snap shot by Brent Burns.
15:28 of 2nd period - Stopped by Frederik Andersen with a rebound.
15:52 of 2nd period - Snap shot by Brent Burns.
15:52 of 2nd period - Shot Misses the Net.
15:54 of 2nd period - Wrist shot by Brent Burns.
15:54 of 2nd period - Stopped by Frederik Andersen with a rebound.
15:56 of 2nd period - Snap shot by Jack Eichel.
15:56 of 2nd period - Shot Blocked by Ryan Ellis.
15:58 of 2nd period - Snap shot by Marcus Johansson.
15:58 of 2nd period - Stopped by Frederik Andersen with a rebound.
16:00 of 2nd period - Wrist shot by Marcus Johansson.
16:00 of 2nd period - Deflect By Ryan Ellis.
16:00 of 2nd period - Shot Misses the Net.
16:00 of 2nd period - Puck is out of play.
16:01 of 2nd period - Eric Staal wins face-off versus Evgeny Kuznetsov in Blackhawks zone.
16:03 of 2nd period - Minor Penalty to Johan Larsson for Hooking.
16:04 of 2nd period - Jack Eichel wins face-off versus Eric Staal in Blackhawks zone.
18:03 of 2nd period - Penalty to Johan Larsson is over, Johan Larsson is back on ice.
18:13 of 2nd period - Wrist shot by Eric Staal.
18:13 of 2nd period - Goal by Eric Staal - Wild : 1 - Blackhawks : 2.
18:14 of 2nd period - Evgeny Kuznetsov wins face-off versus Vladislav Namestnikov in neutral zone.
19:50 of 2nd period - Snap shot by Chris Tierney.
19:50 of 2nd period - Deflect By Ryan Hartman.
19:50 of 2nd period - Stopped by Frederik Andersen with a rebound.
19:58 of 2nd period - Brett Connolly is hit by Chris Tierney and loses puck.
Goals for this period are 0 for Wild vs 2 for Blackhawks.
Shots for this period are 16 for Wild vs 12 for Blackhawks.

3rd period


0:01 of 3rd period - Jack Eichel wins face-off versus Eric Staal in neutral zone.
0:30 of 3rd period - Wrist shot by Evgeny Kuznetsov.
0:30 of 3rd period - Shot Misses the Net.
0:32 of 3rd period - Slapshot by Adrian Kempe.
0:32 of 3rd period - Shot Blocked by Zach Parise.
0:38 of 3rd period - Snap shot by Adrian Kempe.
0:38 of 3rd period - Shot Blocked by Ryan Ellis.
0:48 of 3rd period - Wrist shot by Alexander Steen.
0:48 of 3rd period - Deflect By Yanni Gourde.
0:48 of 3rd period - Stopped by Anton Khudobin with a rebound.
1:38 of 3rd period - Off-side.
1:39 of 3rd period - Jack Eichel wins face-off versus Eric Staal in neutral zone.
1:52 of 3rd period - Snap shot by Eric Staal.
1:52 of 3rd period - Stopped by Anton Khudobin with a rebound.
1:54 of 3rd period - Snap shot by Tanner Glass.
1:54 of 3rd period - Shot Blocked by Kris Letang.
1:56 of 3rd period - Snap shot by Brandon Davidson.
1:56 of 3rd period - Stopped by Anton Khudobin without a rebound.
1:57 of 3rd period - Evgeny Kuznetsov wins face-off versus Alexander Steen in Wild zone.
2:24 of 3rd period - Marcus Johansson is hit by Andrei Markov.
2:32 of 3rd period - Slapshot by Kris Letang.
2:32 of 3rd period - Stopped by Frederik Andersen with a rebound.
2:34 of 3rd period - Snap shot by Jack Eichel.
2:34 of 3rd period - Stopped by Frederik Andersen without a rebound.
2:35 of 3rd period - Evgeny Kuznetsov wins face-off versus Alexander Steen in Blackhawks zone.
3:17 of 3rd period - Minor Penalty to Jack Eichel for Holding.
3:18 of 3rd period - Adam Lowry wins face-off versus Johan Larsson in Wild zone.
3:57 of 3rd period - Snap shot by Andrei Markov.
3:57 of 3rd period - Shot Blocked by Jonas Brodin.
4:21 of 3rd period - Snap shot by Daniel Sedin.
4:21 of 3rd period - Goal by Daniel Sedin - Wild : 2 - Blackhawks : 2.
4:22 of 3rd period - Eric Staal wins face-off versus Adam Lowry in neutral zone.
4:53 of 3rd period - Nikita Zadorov is hit by Andy Greene and loses puck.
5:17 of 3rd period - Penalty to Jack Eichel is over, Jack Eichel is back on ice.
5:24 of 3rd period - Wrist shot by Jack Eichel.
5:24 of 3rd period - Deflect By Daniel Sedin.
5:24 of 3rd period - Shot Misses the Net.
5:24 of 3rd period - Puck is out of play.
5:25 of 3rd period - Jack Eichel wins face-off versus Yanni Gourde in Blackhawks zone.
5:54 of 3rd period - Snap shot by Andrew Shaw.
5:54 of 3rd period - Stopped by Anton Khudobin without a rebound.
5:55 of 3rd period - Evgeny Kuznetsov wins face-off versus Eric Staal in Wild zone.
6:16 of 3rd period - Minor Penalty to Nikita Zadorov for Hooking.
6:17 of 3rd period - Adam Lowry wins face-off versus Eric Staal in Wild zone.
6:26 of 3rd period - Slapshot by Andrei Markov.
6:26 of 3rd period - Shot Blocked by Jonas Brodin.
8:16 of 3rd period - Penalty to Nikita Zadorov is over, Nikita Zadorov is back on ice.
8:18 of 3rd period - Andy Greene is hit by Nikita Zadorov and loses puck.
8:36 of 3rd period - Off-side.
8:37 of 3rd period - Evgeny Kuznetsov wins face-off versus Yanni Gourde in neutral zone.
8:40 of 3rd period - Snap shot by Evgeny Kuznetsov.
8:40 of 3rd period - Shot Blocked by Brandon Davidson.
8:42 of 3rd period - Slapshot by Nikita Zadorov.
8:42 of 3rd period - Shot Blocked by Brandon Davidson.
8:44 of 3rd period - Slapshot by Nikita Zadorov.
8:44 of 3rd period - Shot Blocked by Yanni Gourde.
8:46 of 3rd period - Wrist shot by Adrian Kempe.
8:46 of 3rd period - Shot Misses the Net.
10:00 of 3rd period - Off-side.
10:01 of 3rd period - Alexander Steen wins face-off versus Adam Lowry in neutral zone.
10:46 of 3rd period - Wrist shot by Kris Letang.
10:46 of 3rd period - Shot Misses the Net.
10:48 of 3rd period - Wrist shot by Chris Tierney.
10:48 of 3rd period - Stopped by Frederik Andersen without a rebound.
10:49 of 3rd period - Alexander Steen wins face-off versus Chris Tierney in Blackhawks zone.
11:00 of 3rd period - Wrist shot by Zach Parise.
11:00 of 3rd period - Stopped by Anton Khudobin with a rebound.
11:51 of 3rd period - Slapshot by William Nylander.
11:51 of 3rd period - Shot Blocked by Niklas Hjalmarsson.
12:09 of 3rd period - Wrist shot by Johan Larsson.
12:09 of 3rd period - Shot Blocked by Ryan Suter.
12:13 of 3rd period - Snap shot by Eric Staal.
12:13 of 3rd period - Shot Blocked by Ryan Suter.
12:15 of 3rd period - Wrist shot by Tanner Glass.
12:15 of 3rd period - Shot Misses the Net.
12:27 of 3rd period - Wrist shot by Johan Larsson.
12:27 of 3rd period - Deflect By Eric Staal.
12:27 of 3rd period - Stopped by Anton Khudobin with a rebound.
12:29 of 3rd period - Snap shot by Johan Larsson.
12:29 of 3rd period - Stopped by Anton Khudobin with a rebound.
12:37 of 3rd period - Wrist shot by Eric Staal.
12:37 of 3rd period - Stopped by Anton Khudobin with a rebound.
13:06 of 3rd period - Wrist shot by Eric Staal.
13:06 of 3rd period - Shot Misses the Net.
13:08 of 3rd period - Snap shot by Eric Staal.
13:08 of 3rd period - Shot Blocked by Chris Tierney.
13:10 of 3rd period - Slapshot by Niklas Hjalmarsson.
13:10 of 3rd period - Stopped by Anton Khudobin with a rebound.
13:12 of 3rd period - Snap shot by Tanner Glass.
13:12 of 3rd period - Stopped by Anton Khudobin with a rebound.
13:14 of 3rd period - Slapshot by Andy Greene.
13:14 of 3rd period - Stopped by Anton Khudobin with a rebound.
13:16 of 3rd period - Snap shot by Johan Larsson.
13:16 of 3rd period - Shot Misses the Net.
13:18 of 3rd period - Snap shot by Johan Larsson.
13:18 of 3rd period - Stopped by Anton Khudobin with a rebound.
13:20 of 3rd period - Wrist shot by Niklas Hjalmarsson.
13:20 of 3rd period - Stopped by Anton Khudobin without a rebound.
13:21 of 3rd period - Jack Eichel wins face-off versus Alexander Steen in Wild zone.
13:21 of 3rd period - Jack Eichel is hit by Ryan Ellis.
13:24 of 3rd period - Minor Penalty to Martin Marincin for Cross-checking.
13:25 of 3rd period - Adam Lowry wins face-off versus Alexander Steen in Wild zone.
13:33 of 3rd period - Snap shot by Andrew Shaw.
13:33 of 3rd period - Stopped by Anton Khudobin with a rebound.
13:35 of 3rd period - Snap shot by Alexander Steen.
13:35 of 3rd period - Stopped by Anton Khudobin with a rebound.
13:37 of 3rd period - Wrist shot by Ryan Ellis.
13:37 of 3rd period - Shot Misses the Net.
15:24 of 3rd period - Penalty to Martin Marincin is over, Martin Marincin is back on ice.
15:29 of 3rd period - Joel Ward is hit by Vladislav Namestnikov and loses puck.
15:44 of 3rd period - Snap shot by William Nylander.
15:44 of 3rd period - Shot Blocked by Chris Kunitz.
15:59 of 3rd period - Icing by Jonas Brodin.
16:00 of 3rd period - Yanni Gourde wins face-off versus Marcus Johansson in Wild zone.
16:04 of 3rd period - Icing by Marcus Johansson.
16:05 of 3rd period - Jack Eichel wins face-off versus Yanni Gourde in Wild zone.
16:17 of 3rd period - Brent Burns is hit by Yanni Gourde and loses puck.
16:38 of 3rd period - Slapshot by Brent Burns.
16:38 of 3rd period - Shot Blocked by Niklas Hjalmarsson.
16:52 of 3rd period - Slapshot by Kris Letang.
16:52 of 3rd period - Shot Misses the Net.
16:54 of 3rd period - Slapshot by Jonas Brodin.
16:54 of 3rd period - Deflect By Daniel Sedin.
16:54 of 3rd period - Shot Misses the Net.
16:54 of 3rd period - Puck is out of play.
16:55 of 3rd period - Eric Staal wins face-off versus Adam Lowry in Blackhawks zone.
16:55 of 3rd period - Eric Staal is hit by Joel Ward.
17:27 of 3rd period - Chris Kunitz is hit by Joel Ward and loses puck.
19:06 of 3rd period - Alexander Steen is hit by Brent Burns and loses puck.
19:31 of 3rd period - Snap shot by Brent Burns.
19:31 of 3rd period - Stopped by Frederik Andersen with a rebound.
19:34 of 3rd period - Icing by Derek Forbort.
19:35 of 3rd period - Zach Parise wins face-off versus Chris Tierney in Blackhawks zone.
19:48 of 3rd period - Snap shot by Alexander Steen.
19:48 of 3rd period - Stopped by Anton Khudobin with a rebound.
Goals for this period are 1 for Wild vs 0 for Blackhawks.
Shots for this period are 5 for Wild vs 16 for Blackhawks.

Overtime #1


0:01 of 1st overtime period - Jack Eichel wins face-off versus Eric Staal in neutral zone.
0:06 of 1st overtime period - Wrist shot by Brent Burns.
0:06 of 1st overtime period - Shot Misses the Net.
0:08 of 1st overtime period - Slapshot by Kris Letang.
0:08 of 1st overtime period - Shot Misses the Net.
0:10 of 1st overtime period - Snap shot by Kris Letang.
0:10 of 1st overtime period - Stopped by Frederik Andersen without a rebound.
0:11 of 1st overtime period - Eric Staal wins face-off versus Marcus Johansson in Blackhawks zone.
0:20 of 1st overtime period - Snap shot by Andrei Markov.
0:20 of 1st overtime period - Shot Misses the Net.
0:26 of 1st overtime period - Snap shot by Eric Staal.
0:26 of 1st overtime period - Deflect By Marcus Johansson.
0:26 of 1st overtime period - Shot Misses the Net.
0:26 of 1st overtime period - Puck is out of play.
0:27 of 1st overtime period - Johan Larsson wins face-off versus Jack Eichel in Wild zone.
0:28 of 1st overtime period - Backhand shot by Alexander Steen.
0:28 of 1st overtime period - Shot Misses the Net.
0:36 of 1st overtime period - Slapshot by Jack Eichel.
0:36 of 1st overtime period - Stopped by Frederik Andersen without a rebound.
0:37 of 1st overtime period - Eric Staal wins face-off versus Jack Eichel in Blackhawks zone.
0:42 of 1st overtime period - Snap shot by Eric Staal.
0:42 of 1st overtime period - Stopped by Anton Khudobin without a rebound.
0:43 of 1st overtime period - Eric Staal wins face-off versus Evgeny Kuznetsov in Wild zone.
0:44 of 1st overtime period - Slapshot by Andrei Markov.
0:44 of 1st overtime period - Shot Misses the Net.
0:46 of 1st overtime period - Snap shot by Johan Larsson.
0:46 of 1st overtime period - Shot Misses the Net.
0:48 of 1st overtime period - Snap shot by Johan Larsson.
0:48 of 1st overtime period - Shot Misses the Net.
0:50 of 1st overtime period - Slapshot by Eric Staal.
0:50 of 1st overtime period - Stopped by Anton Khudobin without a rebound.
0:51 of 1st overtime period - Eric Staal wins face-off versus Evgeny Kuznetsov in Wild zone.
0:54 of 1st overtime period - Snap shot by Eric Staal.
0:54 of 1st overtime period - Stopped by Anton Khudobin with a rebound.
0:56 of 1st overtime period - Wrist shot by Eric Staal.
0:56 of 1st overtime period - Shot Misses the Net.
1:08 of 1st overtime period - Wrist shot by Eric Staal.
1:08 of 1st overtime period - Shot Blocked by Evgeny Kuznetsov.
1:22 of 1st overtime period - Slapshot by Kris Letang.
1:22 of 1st overtime period - Shot Blocked by Andrei Markov.
1:24 of 1st overtime period - Slapshot by Marcus Johansson.
1:24 of 1st overtime period - Shot Misses the Net.
1:26 of 1st overtime period - Snap shot by Marcus Johansson.
1:26 of 1st overtime period - Shot Misses the Net.
1:28 of 1st overtime period - Wrist shot by Marcus Johansson.
1:28 of 1st overtime period - Stopped by Frederik Andersen without a rebound.
1:29 of 1st overtime period - Jack Eichel wins face-off versus Eric Staal in Blackhawks zone.
1:30 of 1st overtime period - Slapshot by Brent Burns.
1:30 of 1st overtime period - Stopped by Frederik Andersen with a rebound.
1:38 of 1st overtime period - Backhand shot by Eric Staal.
1:38 of 1st overtime period - Shot Misses the Net.
1:40 of 1st overtime period - Slapshot by Eric Staal.
1:40 of 1st overtime period - Shot Misses the Net.
1:42 of 1st overtime period - Slapshot by Johan Larsson.
1:42 of 1st overtime period - Deflect By Eric Staal.
1:42 of 1st overtime period - Stopped by Anton Khudobin with a rebound.
1:44 of 1st overtime period - Snap shot by Eric Staal.
1:44 of 1st overtime period - Stopped by Anton Khudobin with a rebound.
2:03 of 1st overtime period - Snap shot by Kris Letang.
2:03 of 1st overtime period - Stopped by Frederik Andersen without a rebound.
2:04 of 1st overtime period - Jack Eichel wins face-off versus Eric Staal in Blackhawks zone.
4:56 of 1st overtime period - Wrist shot by Chris Kunitz.
4:56 of 1st overtime period - Shot Misses the Net.
Goals for this period are 0 for Wild vs 0 for Blackhawks.
Shots for this period are 5 for Wild vs 5 for Blackhawks.

ShootOut


5:00 of 1st overtime period - Penalty Shot by Brent Burns for Wild.
5:00 of 1st overtime period - Wrist shot by Brent Burns.
5:00 of 1st overtime period - Goal by Brent Burns.
5:00 of 1st overtime period - Penalty Shot by Eric Staal for Blackhawks.
5:00 of 1st overtime period - Wrist shot by Eric Staal.
5:00 of 1st overtime period - Stopped by Anton Khudobin.
5:00 of 1st overtime period - Penalty Shot by Jack Eichel for Wild.
5:00 of 1st overtime period - Snap shot by Jack Eichel.
5:00 of 1st overtime period - Goal by Jack Eichel.
5:00 of 1st overtime period - Penalty Shot by Johan Larsson for Blackhawks.
5:00 of 1st overtime period - Backhand shot by Johan Larsson.
5:00 of 1st overtime period - Stopped by Anton Khudobin.